 Dungeon Crawl Stone Soup version 0.27-a0-887-gcab673c142 (webtiles) character file.

Game seed: 13492790693921145593

751 Lanoc the Cutter (level 8, -15/49 HPs)
             Began as a Kobold Fighter on Apr 4, 2021.
             Was a Believer of Nemelex Xobeh.
             Engulfed by Weazesof the pandemonium lord's acidic fog (24 damage)
             ... summoned by the player character
             ... on level 5 of the Dungeon.
             The game lasted 00:07:47 (6234 turns).

Lanoc the Cutter (Kobold Fighter)                   Turns: 6234, Time: 00:07:48

Health: -15/49     AC:  9    Str: 14    XL:     8   Next: 6%
Magic:  0/11       EV: 12    Int:  9    God:    Nemelex Xobeh [**....]
Gold:   237        SH:  6    Dex: 16    Spells: 7/7 levels left

rFire    . . .     SeeInvis .   a - +0 rapier
rCold    . . .     Faith    .   c - +0 buckler
rNeg     . . .     Spirit   +   b - +0 scale mail
rPois    .         Reflect  .   (no helmet)
rElec    .         Harm     .   (no cloak)
rCorr    .         Rampage  .   (no gloves)
Will     .....                  n - +2 pair of boots
Stlth    +.........             k - amulet of guardian spirit
HPRegen  0.16/turn              j - +4 ring of protection
MPRegen  0.12/turn              (no ring)

@: corroded
A: small, no large weapons, nightstalker 3
a: Renounce Religion, Draw Escape, Draw Destruction, Draw Summoning


You were on level 5 of the Dungeon.
You worshipped Nemelex Xobeh.
Nemelex Xobeh was pleased with you.
You visited 1 branch of the dungeon, and saw 5 of its levels.

You collected 237 gold pieces.

Inventory:

Hand Weapons
 a - a +0 rapier (weapon)
Missiles
 p - 5 atropa-tipped darts (quivered)
 s - a throwing net
Armour
 b - a +0 scale mail (worn)
 c - a +0 buckler (worn)
 n - a +2 pair of boots (worn)
Jewellery
 j - a +4 ring of protection (left hand)
 k - an amulet of guardian spirit (around neck)
Wands
 r - a wand of flame (7)
Scrolls
 d - a scroll of immolation {unknown}
 f - 3 scrolls of identify
 g - a scroll of torment {unknown}
 h - a scroll of fear {unknown}
 i - a scroll of blinking {unknown}
 l - a scroll of teleportation {unknown}
 m - a scroll of holy word {unknown}
 o - a scroll of vulnerability
 q - 2 scrolls of fog {unknown}
Potions
 e - 2 potions of magic


   Skills:
 + Level 5.0 Fighting
 + Level 5.3 Short Blades
 - Level 2.4 Armour
 + Level 4.0 Dodging
 + Level 3.7 Shields
 * Level 4.6 Invocations


You had 7 spell levels left.
You didn't know any spells.
Your spell library contained the following spells:

 Spells                   Type           Power      Damage    Failure   Level
 Magic Dart               Conj           0%         1d3       90%         1
 Blink                    Tloc           N/A        N/A       97%         2
 Call Imp                 Summ           0%         N/A       97%         2
 Slow                     Hex            0%         N/A       97%         2
 Conjure Flame            Conj/Fire      0%         6-21      99%         3
 Mephitic Cloud           Conj/Pois/Air  0%         N/A       99%         3


Dungeon Overview and Level Annotations

Branches:
Dungeon (5/15)
 Temple: D:4-7

Altars:
Nemelex Xobeh
Okawaru
Ru

Shops:
D:3 [

Annotations:
D:4 Grinder
D:5 2 transporters, Dowan, Duvessa


Innate Abilities, Weirdness & Mutations

You are small and have problems with some larger weapons.
You are completely attuned to the shadows.


Message History

You hear an angry hiss.
You draw a card...
You have drawn Pain.
Press: ? - help, Shift-Dir - straight line, f/p - Menkaure
Aim: Menkaure (lightly damaged, fast)
The bolt of negative energy hits Menkaure.
Menkaure completely resists.
Menkaure is lightly damaged.
You feel a bit more experienced. Menkaure hits you but does no damage.
The adder skeleton bites you but does no damage.
You draw a card...
You have drawn Wild Magic.
The adder skeleton looks rather nauseous for a moment.
The adder skeleton completely resists.
Menkaure is briefly tinged with black.
Menkaure completely resists.
You feel a surge of magic.
You feel your power returning. Menkaure closely misses you.
You block the adder skeleton's attack. Menkaure closely misses you.
You draw a card...
You have drawn the Pentagram.
The adder skeleton bites you.
Menkaure calls on the powers of darkness!
Your body is wracked with pain!
* * * LOW HITPOINT WARNING * * *
Weazesof gores the adder skeleton.
The adder skeleton is engulfed in acidic fog.
The adder skeleton is splashed with acid.
The acid corrodes the adder skeleton!
The adder skeleton is destroyed!
Your reaper completely misses Menkaure.
Your Fighting skill increases to level 5!
Press: ? - help, v - describe, . - travel
Here: Weazesof, armed with a painful touch (summoned, surrounded by acidic fog, friendly)
The floor.
Menkaure is engulfed in acidic fog.
Menkaure is splashed with acid.
The acid corrodes Menkaure!
Weazesof gores Menkaure!!
Menkaure is destroyed!
Your Dodging skill increases to level 4!
You have reached level 8!
You are engulfed in acidic fog.
The acid corrodes you!
You are splashed with acid!
* * * LOW HITPOINT WARNING * * *
You die...
Your body disappears without a glow.

.... ##
#.............
......#
#.........###.
....#.#
######...#####
......### #..###.#
#...○########..##..
#.○2°.......#..##!
##.○.☼☼.....#..#
#.°°○☼........#
#..@&☼.....#..#[y
#..°°☼.......©#y.
#..........#..#y.
#..........##.#)#
#..........##.#
#..........##.##.###
#..........##.##...#
##............###.#
#.######......#####


You could see the friendly Weazesof (summoned, clouds) and a friendly reaper
(summoned).

Vanquished Creatures
  2 sky beasts
  A necrophage (D:5)
  A bullfrog zombie (D:5)
  2 iguanas
  Ijyb (D:5)
  2 orc wizards
  A hound zombie (D:4)
  A hound skeleton (D:4)
  4 gnolls (D:4)
  6 adders
  A white imp (D:5)
  2 ufetubi
  An adder skeleton (D:4)
  2 worms (D:2)
  11 orcs
  10 endoplasms
  5 giant cockroaches
  4 goblins
  10 hobgoblins
  7 jackals
  5 quokkas
  6 ball pythons
  6 bats
  A frilled lizard (D:3)
  7 kobolds
  5 rats
104 creatures vanquished.

Vanquished Creatures (collateral kills)
  Menkaure (D:5)
  An adder skeleton (D:5)
2 creatures vanquished.

Vanquished Creatures (others)
  23 plants (D:4)
23 creatures vanquished.

Grand Total: 129 creatures vanquished

Notes
Turn   | Place    | Note
-------+----------+-------------------------------------------
     0 | D:1      | Lanoc the Kobold Fighter began the quest for the Orb.
     0 | D:1      | Reached XP level 1. HP: 14/14 MP: 1/1
   269 | D:1      | Reached XP level 2. HP: 19/19 MP: 2/2
   372 | D:1      | Reached skill level 1 in Dodging
   791 | D:2      | Reached XP level 3. HP: 23/23 MP: 3/3
  1320 | D:2      | Reached XP level 4. HP: 8/29 MP: 4/4
  1781 | D:2      | Found an iron altar of Okawaru.
  1872 | D:2      | Found a faded altar of an unknown god.
  1875 | D:2      | Became a worshipper of Nemelex Xobeh the Trickster
  1875 | D:2      | Reached * piety under Nemelex Xobeh
  2166 | D:3      | Received a gift from Nemelex Xobeh
  2266 | D:3      | Found Ged Lis's Antique Armour Shoppe.
  2806 | D:3      | Reached skill level 1 in Invocations
  3034 | D:3      | Noticed a sky beast
  3100 | D:3      | Killed a sky beast
  3101 | D:3      | Reached XP level 5. HP: 22/33 MP: 4/6
  3371 | D:3      | Reached XP level 6. HP: 32/38 MP: 7/7
  3569 | D:4      | Reached ** piety under Nemelex Xobeh
  3569 | D:4      | Received a gift from Nemelex Xobeh
  4247 | D:4      | Noticed a sky beast
  4276 | D:4      | Killed a sky beast
  4277 | D:4      | Reached XP level 7. HP: 44/44 MP: 7/9
  4963 | D:4      | Noticed Grinder
  4979 | D:4      | HP: 2/44 [Grinder/nerve-wracking pain (5)]
  4983 | D:5      | Entered Level 5 of the Dungeon
  5278 | D:5      | Noticed a hornet
  5607 | D:4      | Found a sacrificial altar of Ru.
  5737 | D:5      | Found a transporter.
  5737 | D:5      | Found a transporter.
  5830 | D:5      | Reached skill level 5 in Short Blades
  5918 | D:5      | Noticed Duvessa
  5919 | D:5      | Noticed Dowan
  5977 | D:5      | Noticed Ijyb
  6011 | D:5      | Killed Ijyb
  6217 | D:5      | Noticed Menkaure
  6230 | D:5      | Reached skill level 5 in Fighting
  6230 | D:5      | Killed Menkaure
  6231 | D:5      | Reached XP level 8. HP: 14/49 MP: 6/11
  6234 | D:5      | Engulfed by Weazesof the pandemonium lord's acidic fog

Illustrated notes

Levels and vault maps discovered:
D:1:      lightli_arrival_windingriver, layout_rooms
D:2:      layout_loops_cross, basic_altar, basic_ecumenical_altar,
          minmay_hedge_maze, corner_web_ring
D:3:      layout_loops_ring, serial_shops, shop,
          minmay_fractal_squares_gapless_5
D:4:      layout_basic, nicolae_ru_path_of_blood, serial_bayou,
          serial_bayou_pond_d, serial_bayou_lagoon_b, serial_bayou_pond_e,
          serial_bayou_pond_b, minmay_between, uniq_grinder
D:5:      layout_rooms, marbit_many_paths, general_overflow_altar,
          gammafunk_ghost_hive, uniq_menkaure, uniq_duvessa, uniq_ijyb

Skill      XL: |  1  2  3  4  5  6  7 |
---------------+----------------------+-----
Short Blades   | 3 4 5 |  5.3
Dodging        | 1 2 3 4 |  4.0
Invocations    | 2 3 4 |  4.6
Fighting       | 4 5 |  5.0
Shields        | 3 |  3.7
Armour         | |  2.4

Action                   |  1- 3 |  4- 6 |  7- 9 || total
-------------------------+-------+-------+-------++-------
Melee: Rapier            |   101 |   192 |   184 ||   477
Throw: Dart              |       |     3 |       ||     3
Invok: Draw Destruction  |       |       |     3 ||     3
       Draw Summoning    |       |       |     1 ||     1
Evoke: Wand              |       |       |     1 ||     1
  Use: Potion            |       |     7 |     3 ||    10
       Scroll            |       |       |     1 ||     1
 Stab: Sleeping          |     1 |     1 |       ||     2
Armor: Scale mail        |    22 |    71 |    75 ||   168
       Skin              |       |    89 |     3 ||    92
Dodge: Dodged            |    43 |   113 |    97 ||   253
Block: Buckler           |    22 |    83 |    58 ||   163

Table legend: (Time is in decaauts)
 A = Elapsed time spent in this place.
 B = Non-inter-level travel time spent in this place.
 C = Inter-level travel time spent in this place.
 D = Time resting spent in this place.
 E = Time spent auto-exploring this place.
 F = Levels seen in this place.
 G = Mean time per level.
                   A        B        C        D        E       F      G
               +--------+--------+--------+--------+--------+-----+--------+
         Total |   6292 |   6175 |    117 |      0 |   5325 |   5 | 1258.4 |
       Dungeon |   6292 |   6175 |    117 |      0 |   5325 |   5 | 1258.4 |
               +--------+--------+--------+--------+--------+-----+--------+

Top non-repeatable levels by time:
     D:4: 1905 daAuts
     D:3: 1476 daAuts
     D:2: 1218 daAuts
     D:5: 891 daAuts
     D:1: 800 daAuts
